AoeStats
← 76896859

African Clearing

505915985Analyzed
2v2 RM · 21d ago on Sep 11, 2026· 43m 12s· 4 players
Game mode
Random Map
Map size
Medium (4 player)
Population
200
Speed
Normal
Resources
Standard
Victory
Conquest
Starting age
Dark Age
Ending age
Imperial Age
RankedLock teamsTeams togetherTeam positionsShared explorationLock speedFull tech treeHidden civsTurbo modeCheats
Victory
Defeat
🇨🇳 Huns · China
983
+17
🇲🇽 Sicilians · Mexico
982
+17
🇨🇱 Saracens · Chile
1016
-18
🇨🇱 Britons · Chile
984
-16
Aizen710
6:59 Loom
13:25 Feudal Age
17:44 Wheelbarrow
22:47 Scale Mail Armor
24:31 Forging
31:15 Castle Age
30:13 Bloodlines
31:59 Husbandry
38:03 Scale Barding Armor
38:55 Fletching
39:47 Double-Bit Axe
39:45 Horse Collar
40:53 Bow Saw
40:46 Heavy Plow
76896859
8:07 Loom
17:34 Feudal Age
18:34 Double-Bit Axe
18:33 Horse Collar
21:43 Castle Age
20:23 Forging
20:54 Gold Mining
22:04 Bloodlines
22:50 Wheelbarrow
22:49 Heavy Plow
23:31 Bow Saw
25:42 Hand Cart
29:09 Scale Barding Armor
30:35 Husbandry
30:57 Chain Barding Armor
33:43 Iron Casting
39:44 Fletching
41:21 Town Watch
GoD_victorOG
4:07 Loom
15:41 Feudal Age
16:25 Man-at-Arms
24:13 Castle Age
22:12 Fletching
22:23 Padded Archer Armor
22:36 Horse Collar
22:46 Double-Bit Axe
25:18 Bodkin Arrow
24:46 Crossbowman
31:37 Wheelbarrow
30:48 Town Watch
33:35 Ballistics
33:33 Leather Archer Armor
34:46 Hand Cart
37:12 Bow Saw
37:08 Heavy Plow
37:03 Gold Mining
37:08 Stone Mining
38:19 Squires
37:41 Pikeman
38:02 Long Swordsman
39:40 Scale Mail Armor
lalan (VolachosClan)
9:27 Loom
12:52 Feudal Age
17:07 Man-at-Arms
22:52 Forging
22:42 Scale Mail Armor
29:41 Castle Age
28:25 Bloodlines
28:56 Stone Mining
28:58 Gold Mining
28:56 Double-Bit Axe
30:20 Wheelbarrow
30:07 Scale Barding Armor
30:31 Husbandry
31:06 Horse Collar
36:25 Chain Barding Armor
36:41 Iron Casting
Connection lost

Rejoining the realm…

Still unreachable

The connection could not be restored.

Session expired

The server has moved on; the page needs a fresh start.